 Dungeon Crawl Stone Soup version 0.25.0-11-g1f837a7 (webtiles) character file.

Game seed: 1510020642413763790

156 shmeve the Skirmisher (level 5, -3/33 HPs)
             Began as a Gargoyle Berserker on June 24, 2020.
             Was a Believer of Trog.
             Engulfed by Ijyb's flame (14 damage)
             ... on level 2 of the Dungeon.
             The game lasted 00:03:23 (1350 turns).

shmeve the Skirmisher (Gargoyle Berserker)          Turns: 1350, Time: 00:03:23

Health: -3/33      AC: 14    Str: 21    XL:     5   Next: 37%
Magic:  5/5        EV:  8    Int:  7    God:    Trog [**....]
Gold:   75         SH:  0    Dex: 10    Spells: 4/4 levels left

rFire    . . .     SeeInvis .   a - +0 hand axe
rCold    . . .     Gourm    .   (no shield)
rNeg     + . .     Faith    .   u - +0 chain mail
rPois    ∞         Spirit   .   (no helmet)
rElec    +         Reflect  .   (no cloak)
rCorr    .         Harm     .   (no gloves)
MR       .....                  i - +0 pair of boots
Stlth    ..........             (no amulet)
HPRegen  0.11/turn              (no ring)
MPRegen  0.09/turn              (no ring)

@: no status effects
A: negative energy resistance 1, electricity resistance, unbreathing,
petrification resistance, rot immunity, AC +4
a: Berserk, Trog's Hand, Renounce Religion


You were on level 2 of the Dungeon.
You worshipped Trog.
Trog was pleased with you.
You were not hungry.

You visited 1 branch of the dungeon, and saw 2 of its levels.

You collected 75 gold pieces.

Inventory:

Hand Weapons
 a - a +0 hand axe (weapon)
Armour
 i - a +0 pair of boots (worn)
 u - a +0 chain mail (worn)
Jewellery
 g - an uncursed ring of magical power {unknown}
 j - an uncursed amulet of magic regeneration {unknown}
 k - a cursed ring of attention {unknown}
 s - an uncursed ring of protection from fire {unknown}
Scrolls
 b - a scroll of immolation {unknown}
 e - 2 scrolls of magic mapping {unknown}
 h - 3 scrolls of remove curse {unknown}
 m - a scroll of amnesia {unknown}
 n - a scroll of random uselessness {unknown}
 p - a scroll of identify {unknown}
 q - a scroll of teleportation {unknown}
 v - a scroll of blinking {unknown}
Potions
 d - a potion of might {unknown}
 f - 2 potions of curing {unknown}
 l - a potion of stabbing {unknown}
 o - 2 potions of ambrosia {unknown}
 r - a potion of flight {unknown}
Comestibles
 c - 4 rations
 t - 3 chunks of flesh


   Skills:
 * Level 4.2 Fighting
 * Level 3.6 Axes
 * Level 2.3 Throwing
 + Level 3.0 Armour
 - Level 1.5 Dodging


You had 4 spell levels left.
You didn't know any spells.
Your spell library was empty.

Dungeon Overview and Level Annotations

Branches:
Dungeon (2/15)

Altars:
Xom

Annotations:
D:2 Ijyb


Innate Abilities, Weirdness & Mutations

You are resistant to torment.
Your stone body is resilient. (AC +4)
You are immune to poison.
You resist negative energy. (rN+)
You are resistant to electric shocks. (rElec)
You can survive without breathing.
You are immune to petrification.
You are immune to rotting.


Message History

Ijyb barely misses you.
You closely miss Ijyb.
Ijyb is heavily wounded.
Ijyb closely misses you.
You barely miss Ijyb.
Ijyb is heavily wounded.
Ijyb screams, "Die!"
Ijyb hits you but does no damage.
Your chain mail prevents you from hitting Ijyb.
Ijyb is heavily wounded.
Ijyb zaps a wand.
Ijyb creates a blast of flame!
You closely miss Ijyb.
Ijyb is heavily wounded.
You are engulfed in blazing flames.
Ouch! That really hurt!
Ijyb hits you but does no damage.
You closely miss Ijyb.
Ijyb is heavily wounded.
You are engulfed in blazing flames.
You die...

.<.........### #......
.........[...# #....##
.........))..# #....##
............####......
#..§§§.§.).........##
#...○.§......#.....##
#8..§§○8#.^#....##..)
#§§§.§).#..#....##...
#8§§@g)8#..##...###..
#§§§....#..##...#....
#8.....8#.........###
#.......#.....#...##.
#8.....8#............
#..?."..#...........#
#########.(..........
#................##
####..#.......#..##


You could see Ijyb.

Vanquished Creatures
  Natasha (thrice) (D:2)
  2 adders (D:2)
  2 dart slugs
  2 leopard geckos (D:2)
  A giant cockroach (D:1)
  15 goblins
  3 hobgoblins
  4 jackals (D:1)
  A quokka (D:2)
  A ball python (D:1)
  7 bats
  4 frilled lizards
  8 kobolds
  6 rats
59 creatures vanquished.

Notes
Turn   | Place    | Note
-------+----------+-------------------------------------------
     0 | D:1      | shmeve the Gargoyle Berserker began the quest for the Orb.
     0 | D:1      | Reached XP level 1. HP: 14/14 MP: 1/1
    49 | D:1      | Reached XP level 2. HP: 15/19 MP: 2/2
   342 | D:1      | Reached skill level 1 in Throwing
   407 | D:1      | Reached ** piety under Trog
   421 | D:1      | Reached XP level 3. HP: 23/23 MP: 3/3
   706 | D:2      | Found a faded altar of an unknown god.
   741 | D:2      | Reached XP level 4. HP: 26/29 MP: 4/4
   761 | D:2      | Noticed Natasha
   768 | D:2      | Killed Natasha
   768 | D:2      | Reached skill level 4 in Fighting
   813 | D:2      | Noticed Natasha
   824 | D:2      | Killed Natasha
   824 | D:2      | Reached XP level 5. HP: 13/33 MP: 5/5
   837 | D:2      | Noticed Natasha
   854 | D:2      | Killed Natasha
  1104 | D:2      | Found a shimmering altar of Xom.
  1329 | D:2      | Noticed Ijyb
  1350 | D:2      | Engulfed by Ijyb's flame

Illustrated notes

Levels and vault maps discovered:
D:1:      zaba_arrival_water, layout_rooms
D:2:      kennysheep_the_goblin_king, layout_rooms,
          chequers_ecumenical_altar_simple_redux, xom_teletrap_fun, uniq_natasha

Skill      XL: |  1  2  3  4  5 |
---------------+----------------+-----
Throwing       | 1 2 |  2.3
Axes           | 3 |  3.6
Fighting       | 4 |  4.2
Armour         | 3 |  3.0
Dodging        | |  1.5

Action                   |  1- 3 |  4- 6 || total
-------------------------+-------+-------++-------
Melee: Hand axe          |   105 |    84 ||   189
Invok: Berserk           |     1 |     1 ||     2
       Trog's Hand       |       |     2 ||     2
  Eat: Chunk             |       |     4 ||     4
Armor: Animal skin       |    46 |       ||    46
       Scale mail        |    34 |    46 ||    80
       Chain mail        |       |    21 ||    21
Dodge: Dodged            |    88 |    57 ||   145
